 Dungeon Crawl Stone Soup version 0.30-a0-949-g53dc5368d7 (webtiles) character file.

Game seed: 2236736555432583341

30830 derpindaisy the Fighter (level 13, 0/119 (123) HPs)
             Began as a Minotaur Fighter on Mar 27, 2023.
             Was an Elder of Trog.
             Killed from afar by a rime drake (17 damage)
             ... with an icy flash freeze
             ... on level 5 of the Lair of Beasts.
             The game lasted 00:35:12 (15808 turns).

derpindaisy the Fighter (Minotaur Fighter)         Turns: 15808, Time: 00:35:13

HP:   0/119 (123)   AC: 11    Str: 29    XL:     13   Next: 22%
MP:   12/12         EV: 18    Int:  5    God:    Trog [****..]
Gold: 761           SH:  0    Dex: 20    Spells: 12/12 levels left

rFire   + . .      SeeInvis .    J - +7 quarterstaff "Jeott" {heavy, Dex+7}
rCold   . . .      Faith    .    (shield currently unavailable)
rNeg    . . .      Spirit   .    o - +1 leather armour {rF+}
rPois   +          Reflect  .    (helmet restricted)
rElec   .          Rampage  .    N - +0 cloak
rCorr   .                        b - +0 pair of gloves
Will    .....                    M - +2 pair of boots {Fly}
Stlth   +++                      (no amulet)
HPRegen 0.39/turn                m - +6 ring of strength
MPRegen 0.13/turn                D - ring of poison resistance

@: flying, studying Throwing, lightly drained
A: horns 2, retaliatory headbutt
a: Renounce Religion, Berserk, Trog's Hand, Brothers in Arms


You were on level 5 of the Lair of Beasts.
You worshipped Trog.
Trog was greatly pleased with you.
You visited 3 branches of the dungeon, and saw 14 of its levels.

You collected 761 gold pieces.

Inventory:

Hand Weapons
 u - a +3 spear of venom
 G - a +4 hand axe
 J - the +7 quarterstaff "Jeott" (weapon) {heavy, Dex+7}
   (You found it on level 1 of the Lair of Beasts)

   Dex:       It affects your dexterity (+7).
Armour
 b - a +0 pair of gloves (worn)
 c - a +0 buckler
 o - a +1 leather armour of fire resistance (worn)
 F - a +2 robe of cold resistance
 M - a +2 pair of boots of flying (worn)
 N - a +0 cloak (worn)
Jewellery
 m - a +6 ring of strength (left hand)
 r - a ring of fire
 C - a ring of fire
 D - a ring of poison resistance (right hand)
Wands
 f - a wand of mindburst (6)
 j - a wand of roots (3)
 L - a wand of charming (8)
Scrolls
 p - 4 scrolls of fog
 s - 7 scrolls of teleportation
 t - a scroll of fear
 v - a scroll of silence
 y - a scroll of blinking
 z - a scroll of enchant armour
 B - a scroll of vulnerability
 E - 3 scrolls of magic mapping
 I - 2 scrolls of poison
Potions
 a - a potion of magic {unknown}
 e - 5 potions of curing
 g - 4 potions of cancellation
 h - 2 potions of brilliance
 k - 4 potions of mutation
 l - 3 potions of attraction
 n - a potion of experience {unknown}
 q - a potion of haste {unknown}
 w - 4 potions of berserk rage
 x - 3 potions of flight {unknown}
 A - a potion of ambrosia {unknown}
 K - 2 potions of resistance {unknown}
Miscellaneous
 H - a phial of floods


   Skills:
 + Level 13.8 Fighting
 + Level 13.4(14.6) Polearms
 + Level 9.9(13.0) Staves
 + Level 8.9 Armour
 + Level 9.2 Dodging
 + Level 4.4 Stealth
 + Level 8.0 Shields
 + Level 2.5 Unarmed Combat
 + Level 4.2 Evocations


You had 12 spell levels left.
You didn't know any spells.
Your spell library contained the following spells:

 Spells                   Type           Power      Damage    Failure   Level
 Gell's Gravitas          Tloc           0%         N/A       87%         3
 Teleport Other           Tloc           0%         N/A       87%         3
 Dispersal                Tloc           0%         N/A       100%        6


Dungeon Overview and Level Annotations

Branches:
Dungeon (8/15)             Temple (0/1) D:4            Lair (5/5) D:8
  Swamp (1/4) Lair:2       Spider (0/4) Lair:3        Slime (0/5) Lair:4

Altars:
Dithmenos
Gozag
Hepliaklqana
Sif Muna
Trog
Vehumet
Zin
Jiyva

Shops:
D:7 *


Innate Abilities, Weirdness & Mutations

You have a pair of horns on your head.
You reflexively headbutt those who attack you in melee.


Message History

Your surroundings suddenly seem different. 3 wolves, a cane toad, a komodo dragon and a catoblepas come into view.
Found a potion of curing.
The wolf howls! x2; You hear an angry hiss.
A wolf comes into view. x2
The catoblepas bellows!
As you read the scroll of teleportation, it crumbles to dust.
You feel strangely unstable.
The wolf howls!
The black mamba hisses angrily.
The catoblepas breathes a plume of calcifying dust at you.
The blast of calcifying dust hits you but does no damage.
The black mamba completely misses you. The black mamba barely misses you.
The cane toad gives a loud, deep croak!
The wolf is engulfed in calcifying dust.
The wolf is moving more slowly.
The black mamba bites you!
* * * LOW HITPOINT WARNING * * *
The wolf is engulfed in calcifying dust.
The wolf stops moving altogether!
The black mamba attacks as you move away!
The black mamba bites you!
* * * LOW HITPOINT WARNING * * *
Your surroundings suddenly seem different.
A wyvern and a rime drake come into view.
Found a potion of mutation.
You feel better.
The wyvern hisses angrily.
The wyvern completely misses you.
You flatten the wyvern like a pancake!!!
You kill the wyvern!
Trog accepts your kill.
The rime drake hisses angrily.
You see here a wyvern corpse.
Found 14 gold pieces.
You see here a wyvern corpse.
You bludgeon the rime drake!!
The rime drake is severely wounded.
The rime drake completely misses you. The rime drake breathes ice at you.
The icy flash freeze hits you!
You die...

.#..#.#PP..####
#.............#
#..............
#.............#
##..............
##...............
#..!............$
#....k@..#
#.....#####
##.... #.....
##.... #.....
#..... #.....
...#


You could see a rime drake (catching breath).

Vanquished Creatures
  Josephine (Lair:5)
  4 hydras
  2 catoblepae
  A two-headed ogre (D:8)
  3 death yaks (D:8)
  A skyshark (Lair:3)
  Pikel (D:8)
  5 elephants (Lair:3)
  Joseph (D:7)
  5 black mambas
  Psyche (D:8)
  An unseen horror (D:8)
  8 cane toads
  5 rime drakes
  4 komodo dragons
  4 polar bears
  Prince Ribbit (D:7)
  14 blink frogs
  3 culicivoras (Lair:3)
  3 wyverns
  8 basilisks
  27 yaks
  2 swamp worms
  Edmund (D:6)
  14 water moccasins
  An ice beast (D:7)
  2 black bears
  3 ogres
  3 centaurs (D:7)
  9 bullfrogs
  7 scorpions
  3 wights (D:8)
  7 killer bees (D:8)
  3 electric eels (Lair:4)
  3 howler monkeys
  The ghost of DeathPants the Cutter, a weakling VSGl (D:3)
  6 hounds
  3 orc priests
  A gnoll bouda (D:4)
  A jelly (D:5)
  3 sleepcaps
  Ijyb (D:3)
  3 orc wizards
  2 hell rats (D:8)
  4 iguanas
  12 gnolls
  3 adders
  5 dart slugs
  19 orcs
  7 ball pythons
  6 endoplasms
  3 giant cockroaches
  6 goblins
  11 hobgoblins
  5 jackals
  8 quokkas
  3 bats
  2 frilled lizards (D:1)
  7 kobolds
  6 rats
  2 butterflies (Lair:4)
291 creatures vanquished.

Vanquished Creatures (others)
  19 fungi
  39 plants
58 creatures vanquished.

Grand Total: 349 creatures vanquished

Notes
Turn   | Place    | Note
-------+----------+-------------------------------------------
     0 | D:1      | derpindaisy the Minotaur Fighter began the quest for the
                  | Orb.
     0 | D:1      | Reached XP level 1. HP: 19/19 MP: 0/0
    76 | D:1      | Reached XP level 2. HP: 27/27 MP: 1/1
   750 | D:1      | Reached XP level 3. HP: 33/33 MP: 2/2
  1934 | D:3      | Found a runed translucent door.
  1934 | D:3      | Noticed DeathPants's ghost (weakling VSGl)
  1992 | D:3      | Noticed Ijyb
  2002 | D:3      | Killed Ijyb
  2003 | D:3      | Reached XP level 4. HP: 25/40 MP: 3/3
  2227 | D:3      | Found a bloodstained altar of Trog.
  2236 | D:3      | Became a worshipper of Trog the Wrathful
  2267 | D:3      | Reached skill level 5 in Armour
  2512 | D:3      | Killed DeathPants's ghost
  2513 | D:3      | Reached XP level 5. HP: 47/47 MP: 4/4
  2587 | D:4      | Reached skill level 5 in Fighting
  2702 | D:4      | Found a staircase to the Ecumenical Temple.
  2807 | D:4      | Reached skill level 1 in Dodging
  2807 | D:4      | Reached XP level 6. HP: 30/56 MP: 5/5
  2819 | D:4      | Reached * piety under Trog
  3043 | D:4      | Reached skill level 5 in Polearms
  3313 | D:4      | Found an opulent altar of Gozag.
  3410 | D:4      | Reached XP level 7. HP: 62/62 MP: 6/6
  3808 | D:4      | Found a shadowy altar of Dithmenos.
  3813 | D:4      | Found a radiant altar of Vehumet.
  3887 | D:5      | Entered Level 5 of the Dungeon
  4035 | D:5      | Reached skill level 1 in Stealth
  4220 | D:5      | Reached XP level 8. HP: 71/71 MP: 7/7
  4374 | D:5      | Found a hazy altar of Hepliaklqana.
  4751 | D:5      | Reached ** piety under Trog
  4891 | D:6      | Noticed Edmund
  4902 | D:6      | Killed Edmund
  5362 | D:6      | Reached skill level 5 in Shields
  5793 | D:7      | Found a shimmering blue altar of Sif Muna.
  5812 | D:7      | Noticed Prince Ribbit
  5823 | D:7      | Killed Prince Ribbit
  5864 | D:7      | Reached XP level 9. HP: 67/79 MP: 8/8
  5926 | D:7      | Found a glowing silver altar of Zin.
  5959 | D:7      | Noticed Joseph
  5974 | D:7      | Reached skill level 10 in Polearms
  5984 | D:7      | Killed Joseph
  6594 | D:7      | Found Ynyus's General Store.
  6987 | D:8      | Noticed Psyche
  7012 | D:8      | Killed Psyche
  7013 | D:8      | Reached skill level 1 in Evocations
  7183 | D:8      | Noticed a two-headed ogre
  7194 | D:8      | Killed a two-headed ogre
  7194 | D:8      | Reached *** piety under Trog
  7195 | D:8      | Reached skill level 5 in Dodging
  7195 | D:8      | Reached skill level 1 in Unarmed Combat
  7195 | D:8      | Reached XP level 10. HP: 87/90 MP: 9/9
  7337 | D:8      | Noticed Pikel
  7356 | D:8      | Killed Pikel
  7397 | D:8      | Noticed a death yak
  7400 | D:8      | Noticed a death yak
  7425 | D:8      | Noticed a death yak
  7432 | D:8      | Killed a death yak
  7440 | D:8      | Killed a death yak
  7446 | D:8      | Killed a death yak
  7631 | D:8      | Found a staircase to the Lair.
  8113 | D:8      | Reached XP level 11. HP: 60/99 MP: 10/10
  8403 | Lair:1   | Entered Level 1 of the Lair of Beasts
  8568 | Lair:1   | Identified the +1 robe "Ugrovuj" {MP+9}
  8727 | Lair:1   | Reached skill level 10 in Fighting
  8752 | Lair:1   | Reached **** piety under Trog
  9376 | Lair:1   | Identified the +7 quarterstaff "Jeott" {heavy, Dex+7}
 10330 | Lair:2   | Noticed a five-headed hydra
 10343 | Lair:2   | Killed a five-headed hydra
 10344 | Lair:2   | Reached skill level 1 in Staves
 10903 | Lair:2   | Found a staircase to the Swamp.
 11426 | Swamp:1  | Entered Level 1 of the Swamp
 11428 | Swamp:1  | Noticed an eleionoma
 11428 | Swamp:1  | Noticed a spriggan rider
 11429 | Swamp:1  | Noticed a spriggan rider
 11666 | Lair:3   | Reached XP level 12. HP: 96/111 MP: 11/11
 11877 | Lair:3   | Reached skill level 5 in Staves
 12158 | Lair:3   | Noticed a catoblepas
 12172 | Lair:3   | Killed a catoblepas
 12376 | Lair:3   | Found a hole to the Spider Nest.
 12394 | Lair:3   | HP: 4/112 [culicivora (11)]
 13743 | Lair:4   | Noticed an eight-headed hydra
 13750 | Lair:4   | Killed an eight-headed hydra
 14179 | Lair:4   | Found a staircase to the Slime Pits.
 14180 | Lair:4   | Found a viscous altar of Jiyva.
 14627 | Lair:4   | Reached XP level 13. HP: 122/122 MP: 12/12
 15485 | Lair:5   | Entered Level 5 of the Lair of Beasts
 15641 | Lair:5   | Noticed Josephine
 15768 | Lair:5   | Killed Josephine
 15802 | Lair:5   | HP: 3/118 [black mamba (12)]
 15808 | Lair:5   | Killed from afar by a rime drake

Illustrated notes

Levels and vault maps discovered:
D:1:      spicycebolla_arrival_risky_transporter, layout_loops_corners
D:2:      layout_basic, serial_bayou_ford_a
D:3:      layout_basic, lemuel_round_altar, hellmonk_ghost_happy_afterlife,
          uniq_ijyb
D:4:      layout_basic, nicolae_gozag_seed_capital,
          amethyst_overflow_temple_binary, temple_statues, cheibrodos_gnoll_hut
D:5:      layout_cave_pods, nicolae_hepliaklqana_hazy_memory,
          minmay_stone_trees_small
D:6:      layout_cave_pods, uniq_edmund
D:7:      layout_basic, mainiacjoe_overflow_cross_hatched,
          overflow_temple_1_default, serial_shops, nicolae_shop_hallway_plus,
          chequers_serial_rivers_small_3, minmay_manual_mares, uniq_joseph,
          uniq_prince_ribbit1
D:8:      layout_basic, dpeg_lair_monsters, uniq_pikel, uniq_psyche
Lair:1:   layout_long_grid, grunt_megastairs_4
Lair:2:   layout_regular_city, swamp_mist_pool
Lair:3:   layout_layer_cave, hellmonk_spider_entry_life_and_decay
Lair:4:   layout_roguey, slime_entry_1, st_stairs_11,
          kennysheep_basilisk_garden, grunt_megastairs_2, lemuel_fruit_fields,
          lemuel_fruit_fields, serial_bayou_shore_a
Lair:5:   grunt_lair_end_beastmaster, layout_cellular_growth, uniq_josephine
Swamp:1:  layout_basic_swamp, evilmike_swamp_ruin_house_1, swamp_pool1,
          st_swamp_ruins_2

Skill      XL: |  1  2  3  4  5  6  7  8  9 10 11 12 13 |
---------------+----------------------------------------+-----
Fighting       | 4 5 6 7 8 9 11 13 | 13.8
Armour         | 4 5 6 7 8 |  8.9
Shields        | 4 5 6 7 8 |  8.0
Polearms       | 3 4 6 7 9 11 12 13 | 13.4
Dodging        | 1 2 3 5 6 7 9 |  9.2
Stealth        | 1 2 3 4 |  4.4
Evocations     | 1 3 4 |  4.2
Unarmed Combat | 1 2 |  2.5
Staves         | 3 8 9 |  9.9

Action                     |  1- 3 |  4- 6 |  7- 9 | 10-12 | 13-15 || total
---------------------------+-------+-------+-------+-------+-------++-------
  Melee: Trident           |   106 |   122 |    54 |       |       ||   282
         Headbutt          |    10 |    16 |    45 |   105 |    15 ||   191
         Spear             |       |       |   212 |   250 |       ||   462
         Unarmed           |       |       |    15 |       |       ||    15
         Quarterstaff      |       |       |       |   192 |    59 ||   251
 Invoke: Berserk           |       |       |       |     1 |       ||     1
         Trog's Hand       |       |       |       |       |     1 ||     1
  Evoke: Wand              |       |       |    14 |    20 |    13 ||    47
    Use: Scroll            |     6 |     5 |     4 |     4 |     2 ||    21
         Potion            |     1 |     2 |     2 |     4 |     3 ||    12
   Stab: Sleeping          |       |     1 |     2 |     5 |       ||     8
         Distracted        |       |       |     1 |     1 |       ||     2
 Armour: Scale mail        |    42 |       |       |       |       ||    42
         Leather armour    |       |    20 |    22 |    95 |    19 ||   156
         Skin              |       |       |     9 |       |       ||     9
  Dodge: Dodged            |    28 |    53 |    77 |   238 |    68 ||   464
  Block: Buckler           |    10 |    15 |    37 |    31 |       ||    93

Table legend: (Time is in decaauts)
 A = Elapsed time spent in this place.
 B = Non-inter-level travel time spent in this place.
 C = Inter-level travel time spent in this place.
 D = Time resting spent in this place.
 E = Time spent auto-exploring this place.
 F = Levels seen in this place.
 G = Mean time per level.
                   A        B        C        D        E       F      G
               +--------+--------+--------+--------+--------+-----+--------+
         Total |  15729 |  15195 |    534 |   5087 |   7910 |  14 | 1123.5 |
       Dungeon |   8336 |   7996 |    340 |   1790 |   5021 |   8 | 1042.0 |
          Lair |   7387 |   7193 |    194 |   3297 |   2889 |   5 | 1477.4 |
         Swamp |      6 |      6 |      0 |      0 |      0 |   1 |    6.0 |
               +--------+--------+--------+--------+--------+-----+--------+

Top non-repeatable levels by time:
  Lair:4: 2186 daAuts
  Lair:3: 1819 daAuts
  Lair:2: 1715 daAuts
     D:8: 1534 daAuts
  Lair:1: 1468 daAuts
     D:4: 1329 daAuts
     D:7: 1094 daAuts
     D:2: 994 daAuts
     D:1: 967 daAuts
     D:5: 920 daAuts
     D:6: 850 daAuts
     D:3: 645 daAuts
  Lair:5: 198 daAuts
 Swamp:1: 6 daAuts
